 Dungeon Crawl Stone Soup version 0.14.1-21-g36cd379 (webtiles) character file.

6399 Kae the Arsonist (level 10, 0/56 HPs)
             Began as an Octopode Fire Elementalist on June 7, 2014.
             Slain by an unseen horror (7 damage)
             ... on Level 10 of the Dungeon.
             The game lasted 00:26:31 (11686 turns).

Kae the Arsonist (Octopode Fire Elementalist)      Turns: 11686, Time: 00:26:31

HP   0/56        AC  6     Str 10      XL: 10   Next: 87%
MP  25/33        EV 12     Int 20      God:
Gold 352         SH  0     Dex 13      Spells:  4 memorised, 12 levels left

rFire  + + .     SeeInvis .     d - +2,+3 trident (protect)
rCold  x . .     Clarity  +     (no shield)
rNeg   . . .     Conserve .     (helmet restricted)
rPois  .         rCorr    .     i - amulet "Crinud" {Clar +Fly rElec Str+2}
rElec  +         rRot     .     t - ring of fire
SustAb . .       Spirit   .     w - ring of Ceukufef {rF+ MP+9}
rMut   .         Warding  .     (no ring)
Saprov . . .     Stasis   .     (no ring)
MR     .....                    (no ring)
                                (no ring)
                                (no ring)
                                (no ring)

@: very slightly contaminated, not resistant to hostile enchantments, quite
stealthy
A: almost no armour, amphibious, 8 rings, constrict 8, camouflage 1, gelatinous
body 1
a: Evoke Flight


You were on level 10 of the Dungeon.
You were not hungry.

You visited 1 branch of the dungeon, and saw 10 of its levels.
You also visited: Ossuary.

You collected 352 gold pieces.

Inventory:

Hand weapons
 d - a +2,+3 trident of protection (weapon)
 r - a cursed +0,+2 spear of piercing
Magical devices
 u - a wand of disintegration (7)
 G - a wand of flame (5)
Comestibles
 a - a meat ration
 c - 9 bread rations
 m - 20 sultanas
 n - 2 pears
Scrolls
 h - 8 scrolls of remove curse
 k - 7 scrolls of identify
 z - 5 scrolls of teleportation
 A - a scroll of fog
 B - a scroll of noise
 J - a scroll of magic mapping
 N - a scroll of enchant weapon II
Jewellery
 i - the amulet "Crinud" (around mantle) {Clar +Fly rElec Str+2}
   (You found it on level 9 of the Dungeon)

   [amulet of clarity]

   It affects your strength (+2).
   It insulates you from electricity.
   It lets you fly.
 s - an uncursed amulet of rage
 t - a ring of fire (left tentacle)
 w - the ring of Ceukufef (right tentacle) {rF+ MP+9}
   (You acquired it on level 7 of the Dungeon)

   [ring of magical power]

   It protects you from fire.
Potions
 e - 2 potions of flight
 f - a potion of heal wounds
 g - 2 potions of brilliance
 j - a potion of haste
 l - 4 potions of berserk rage
 q - 3 potions of restore abilities
 x - 9 potions of curing
 C - a potion of agility
 D - a potion of lignification
 E - 2 potions of mutation
 H - 2 potions of magic
 I - 2 potions of might
Books
 b - a book of Flames

   Spells                             Type                      Level
   *Flame Tongue                      Conjuration/Fire             1
   *Throw Flame                       Conjuration/Fire             2
   *Conjure Flame                     Conjuration/Fire             3
   Inner Flame                        Hexes/Fire                   3
   *Sticky Flame                      Conjuration/Fire             4
   Fireball                           Conjuration/Fire             5
 o - a book of Battle

   Spells                             Type                      Level
   Infusion                           Charms                       1
   Shroud of Golubria                 Charms/Translocation         2
   Song of Slaying                    Charms                       2
   Spectral Weapon                    Hexes/Charms                 3
   Regeneration                       Charms/Necromancy            3
 K - a book of Unlife

   Spells                             Type                      Level
   Recall                             Summoning/Translocation      3
   Animate Dead                       Necromancy                   4
   Control Undead                     Necromancy                   4
   Twisted Resurrection               Necromancy                   5
   Death Channel                      Necromancy                   6
   Simulacrum                         Ice/Necromancy               6


   Skills:
 - Level 2.0 Dodging
 - Level 2.6 Stealth
 + Level 6.7 Spellcasting
 * Level 10.2 Conjurations
 * Level 10.5 Fire Magic


You had 12 spell levels left.
You knew the following spells:

 Your Spells              Type           Power        Failure   Level  Hunger
a - Flame Tongue          Conj/Fire      #####        1%          1    None
b - Throw Flame           Conj/Fire      ######       1%          2    None
c - Conjure Flame         Conj/Fire      ######..     1%          3    ##.....
d - Sticky Flame          Conj/Fire      ######..     1%          4    ###....


Dungeon Overview and Level Annotations

Branches:
Dungeon (10/15)
 Temple: D:4-7          Orc: D:9-12        Lair: D:8-11

Altars:
Ashenzari
Okawaru
Xom
Yredelemnul

Shops:
D:8 :

Annotations:
D:5 Grinder
D:6 exclusion: deep elf mage


Innate Abilities, Weirdness & Mutations

You cannot wear most types of armour.
You are amphibious.
You can wear up to eight rings at the same time.
You can use your tentacles to constrict many enemies at once.
Your skin changes colour to match your surroundings (Stlth).
Your rubbery body absorbs attacks (AC +1).


Message History

* * * LOW HITPOINT WARNING * * *
You hit something. Your squeeze misses something.
Something hits you but does no damage.
Casting: Sticky Flame
Confirm with . or Enter, or press ? or * to list all spells.
Aiming: Sticky Flame
Press: ? - help, Shift-Dir - straight line You feel a surge of power!
Something hits you.
* * * LOW HITPOINT WARNING * * *
Casting: Sticky Flame
Confirm with . or Enter, or press ? or * to list all spells.
Aiming: Sticky Flame
Press: ? - help, Shift-Dir - straight line You feel a surge of power!
Something hits you.
* * * LOW HITPOINT WARNING * * *
Something hits you but does no damage.
There is an open door here.
Something hits you but does no damage.
Something is blocking the doorway!
Something hits you!
You die...

#.#.#..>..# #.#.......#
#.#.#.....# ##.#.......#
+..........#
#.........####.#
#..###..#.ยง....#
#........#.......#
##@##%#..........#
########'##%#...........
#.........#.#........#.#
#.........#........#.#
#.........#........#.#
########.##........##
#.##..........
######.#...........
#....#.#.#......#


There were no monsters in sight!

Vanquished Creatures
  The ghost of letownia the Conjurer, a powerful OpWz of Sif Muna (D:9)
  A hill giant (D:9)
  A wraith (D:9)
  A spriggan (D:7)
  A wyvern (D:9)
  Edmund (D:7)
  A water moccasin (D:6)
  Menkaure (D:7)
  3 ice beasts
  3 orc warriors
  4 phantoms
  A black bear (D:8)
  2 ogres (D:8)
  A centaur (D:7)
  Sigmund (D:6)
  2 giant frogs
  Blork the orc (D:6)
  A gnoll sergeant (D:5)
  4 water moccasin zombies (Ossuary)
  2 jellies (D:9)
  2 water moccasin skeletons (D:7)
  12 killer bees
  10 wights
  A quasit (D:9)
  2 goliath beetles
  A yellow wasp zombie (D:10)
  5 crimson imps
  A giant frog skeleton (D:7)
  3 orc priests
  4 orc wizards
  3 hounds
  4 iguanas
  5 worker ants
  Natasha (D:6)
  Ijyb (D:5)
  Jessica (D:3)
  2 big kobold zombies (Ossuary)
  A mottled dragon skeleton (D:8)
  3 mummies
  A hound zombie (D:10)
  Terence (D:2)
  4 gnolls (D:5)
  9 adders
  2 shadow imps
  2 worms
  An iguana zombie (D:6)
  5 adder zombies (Ossuary)
  A giant eyeball (D:9)
  4 giant geckos
  24 orcs
  14 bats
  A bat zombie (D:7)
  6 giant cockroaches
  4 gnoll zombies (Ossuary)
  5 goblins
  15 hobgoblins
  4 jackals (D:2)
  14 kobolds
  3 quokkas
  3 ball pythons
  A giant mite zombie (D:7)
  A giant newt (D:5)
  A giant spore (D:7)
  A goblin zombie (D:8)
  A hobgoblin skeleton (D:5)
  5 hobgoblin zombies (Ossuary)
  A kobold skeleton (D:4)
  3 kobold zombies
  10 orc zombies
  11 rats
  A rat skeleton (D:4)
  A ballistomycete (D:7)
255 creatures vanquished.

Vanquished Creatures (others)
  2 sky beasts
  2 slaves (D:6)
  An orc warrior (D:9)
  A centaur (D:9)
  A hound (D:6)
  A giant eyeball (D:9)
8 creatures vanquished.

Grand Total: 263 creatures vanquished

Notes
Turn   | Place    | Note
--------------------------------------------------------------
     0 | D:1      | Kae, the Octopode Fire Elementalist, began the quest for the Orb.
     0 | D:1      | Reached XP level 1. HP: 11/11 MP: 3/3
   129 | D:1      | Reached XP level 2. HP: 10/17 MP: 4/4
   799 | D:2      | Reached XP level 3. HP: 18/21 MP: 3/6
   914 | D:2      | Noticed Terence
   994 | D:2      | Learned a level 2 spell: Throw Flame
   998 | D:2      | Learned a level 3 spell: Conjure Flame
  1007 | D:2      | Killed Terence
  1243 | D:2      | Reached XP level 4. HP: 21/27 MP: 8/8
  1685 | D:2      | Reached skill level 4 in Fire Magic
  2292 | D:3      | Reached XP level 5. HP: 22/31 MP: 9/9
  2497 | D:3      | Noticed Jessica
  2504 | D:3      | Killed Jessica
  2796 | D:4      | Reached XP level 6. HP: 32/36 MP: 11/11
  2799 | D:4      | Found an iron altar of Okawaru.
  2863 | D:4      | Reached skill level 5 in Fire Magic
  3353 | D:5      | Entered Level 5 of the Dungeon
  3600 | D:5      | Reached XP level 7. HP: 41/41 MP: 4/14
  4318 | D:5      | Noticed Grinder
  4344 | D:5      | Reached skill level 5 in Conjurations
  4581 | D:4      | Learned a level 4 spell: Sticky Flame
  4820 | D:5      | Reached skill level 6 in Fire Magic
  4843 | D:5      | Noticed Ijyb
  4849 | D:5      | Killed Ijyb
  5077 | D:6      | Noticed a deep elf mage
  5124 | D:6      | Noticed Blork the orc
  5153 | D:6      | Killed Blork the orc
  5289 | D:6      | Reached XP level 8. HP: 16/46 MP: 14/17
  5685 | D:6      | Noticed Sigmund
  5921 | D:6      | Killed Sigmund
  6094 | D:6      | Noticed Natasha
  6098 | D:6      | Killed Natasha
  6103 | D:6      | Reached skill level 7 in Fire Magic
  6847 | D:7      | Noticed Edmund
  6864 | D:7      | Killed Edmund
  6864 | D:7      | Reached XP level 9. HP: 38/51 MP: 13/20
  7250 | D:7      | Reached skill level 8 in Fire Magic
  7447 | D:7      | Reached skill level 5 in Spellcasting
  7468 | D:7      | Identified a scroll of acquirement
  7469 | D:7      | Got a heavily runed tin ring
  7473 | D:7      | Identified the ring of Ceukufef {rF+ MP+9} (You acquired it on level 7 of the Dungeon)
  7759 | D:7      | Noticed Menkaure
  7761 | D:7      | Killed Menkaure
  8460 | D:8      | Reached skill level 9 in Fire Magic
  8486 | D:8      | Found a sand-covered staircase.
  8552 | Ossuary  | Entered an ossuary
  9178 | D:8      | Reached XP level 10. HP: 56/56 MP: 23/23
  9247 | D:8      | Found Skony's Book Shoppe.
  9416 | D:8      | Found a shattered altar of Ashenzari.
  9852 | D:9      | Found a basalt altar of Yredelemnul.
  9877 | D:9      | Noticed letownia's ghost (powerful OpWz)
  9955 | D:9      | Killed letownia's ghost
  9955 | D:9      | Reached skill level 10 in Fire Magic
 10508 | D:9      | Found a shimmering altar of Xom.
 10626 | D:9      | Noticed a hill giant
 10641 | D:9      | Killed a hill giant
 10890 | D:9      | Got a heavily runed jade amulet
 10989 | D:9      | Reached skill level 10 in Conjurations
 11475 | D:10     | Entered Level 10 of the Dungeon
 11637 | D:10     | Identified the amulet "Crinud" {Clar +Fly rElec Str+2} (You found it on level 9 of the Dungeon)
 11686 | D:10     | Slain by an unseen horror

Action                   |  1- 3 |  4- 6 |  7- 9 | 10-12 || total
-------------------------+-------+-------+-------+-------++-------
Melee: Unarmed           |    19 |       |       |       ||    19
       Short sword       |    36 |    36 |       |       ||    72
       Spear             |       |    60 |    22 |       ||    82
       Trident           |       |       |   109 |    32 ||   141
 Cast: Flame Tongue      |     5 |    42 |   243 |    89 ||   379
       Throw Flame       |     3 |    20 |    34 |    42 ||    99
       Conjure Flame     |       |     1 |    12 |     6 ||    19
       Sticky Flame      |       |       |     7 |     8 ||    15
Evoke: Wand              |       |     2 |     1 |     3 ||     6
  Use: Scroll            |       |    13 |    14 |     3 ||    30
       Potion            |       |     1 |     2 |     3 ||     6
 Stab: Sleeping          |    13 |     9 |     7 |     1 ||    30
       Distracted        |       |       |     2 |       ||     2
